 Dungeon Crawl Stone Soup version 0.30-a0-465-g8901f6c8b5 (webtiles) character file.

Game seed: 11332344026947762695

91 greenreed the Insei (level 4, -6/32 HPs)
             Began as a Djinni Transmuter on Dec 17, 2022.
             Mangled by a gnoll
             ... wielding a +0 spear of venom
              (8 damage)
             ... on level 2 of the Dungeon.
             The game lasted 00:05:01 (1619 turns).

greenreed the Insei (Djinni Transmuter)             Turns: 1619, Time: 00:05:02

Health: -6/32      AC:  2    Str: 11    XL:     4   Next: 88%
Gold:   86         EV: 20    Int: 15    God:
                   SH:  0    Dex: 18

rFire   . . .      SeeInvis .      - Unarmed
rCold   . . .      Faith    .    (shield currently unavailable)
rNeg    . . .      Spirit   .    (body armour currently unavailable)
rPois   ∞          Reflect  .    (helmet currently unavailable)
rElec   .          Harm     .    (cloak currently unavailable)
rCorr   .          Rampage  .    (gloves currently unavailable)
Will    .....                    (boots unavailable)
Stlth   ++........               (no amulet)
HPRegen 0.25/turn                (no ring)
MPRegen 0.00/turn                (no ring)

@: spider-form, flying
A: venomous fangs, flying, sickness immunity, tiny, (fire resistance 2), (cold
vulnerability 1), float, innate caster, HP casting, extra vitality 1
a: End Transformation


You were on level 2 of the Dungeon.
You were a venomous arachnid creature.
You visited 1 branch of the dungeon, and saw 2 of its levels.

You collected 86 gold pieces.

Inventory:

Hand Weapons
 h - a +1 whip of holy wrath
Missiles
 e - 5 poisoned darts
 j - a throwing net
Armour
 a - a +0 robe (melded)
Magical Staves
 g - a staff of death
Jewellery
 m - a ring of ice
Scrolls
 c - a scroll of immolation {unknown}
 d - a scroll of poison {unknown}
 f - a scroll of torment {unknown}
 i - a scroll of silence {unknown}
 k - a scroll of identify {unknown}
 l - a scroll of brand weapon {unknown}
Potions
 b - a potion of lignification
 n - a potion of might {unknown}
 o - a potion of attraction {unknown}


   Skills:
 * Level 1.2 Fighting
 + Level 2.8 Dodging
 + Level 0.1 Stealth
 * Level 4.0 Unarmed Combat
 * Level 2.4 Spellcasting


You couldn't memorise any spells.
You knew the following spells:

 Your Spells              Type           Power      Damage    Failure   Level
a - Beastly Appendage     Tmut           18%        N/A       21%         1
b - Wereblood             Tmut           9%         N/A       28%         2
c - Spider Form           Tmut/Pois      9%         N/A       43%         3
d - Ice Form              Ice/Tmut       9%         N/A       78%         4
e - Necrotise             Necr           36%        1d5       21%         1
Your spell library was empty.

Dungeon Overview and Level Annotations

Branches:
Dungeon (2/15)

Altars:

Shops:
D:1 [


Innate Abilities, Weirdness & Mutations

You are a venomous arachnid creature.
You have poisonous fangs.
You are tiny and dextrous.
You are flying.
Your spellcasting is less reliable in this form.
Your armour is entirely melded.
You are incapable of wielding weapons or throwing items.
You are immune to sickness and miasma.
You are immune to poison.
((Your flesh is very heat resistant. (rF++)))
((You are vulnerable to cold. (rC-)))
You float through the air rather than walking.
You learn spells naturally, not from books.
Your magical power is your life essence.
You have superior vitality. (+4 MHP)


Message History

The gnoll hits you with a +0 club.
You hit the gnoll.
You kill the gnoll!
Your Unarmed Combat skill increases to level 4!
HP restored.
There is a stone staircase leading down here.
You fly downwards.
There is a stone staircase leading up here.
A gnoll is nearby!
You grow a pair of large bovine horns.
You hit the gnoll.
The gnoll is moderately wounded.
The gnoll hits you with a +1 vampiric whip!
You hit the gnoll. Your headbutt misses the gnoll.
The gnoll is severely wounded.
The gnoll hits you with a +1 vampiric whip.
You barely miss the gnoll.
The gnoll is severely wounded.
The gnoll hits you with a +1 vampiric whip!
You barely miss the gnoll.
The gnoll is severely wounded.
The gnoll barely misses you.
A gnoll comes into view. It is wielding a +0 club.
The gnoll shouts!
You hit the gnoll but do no damage.
The gnoll is severely wounded.
The gnoll hits you with a +1 vampiric whip!
* * * LOW HITPOINT WARNING * * *
The gnoll completely misses you.
Okay, then.
Casting: Beastly Appendage (safe; 8% risk of failure)
Confirm with . or Enter, or press ? or * to list all spells.
The spell is quite dangerous to miscast (22% risk of failure)!
Continue anyway?
Your horns disappear.
You turn into a venomous arachnid creature.
Your +0 robe melds into your body.
* * * LOW HITPOINT WARNING * * *
The gnoll barely misses you.
The gnoll hits you from afar with a +0 spear of venom!
You die...

#.#...#.###........###..###..#
####.#...#g# #.........)....)...#
.....#...#'###..##..#####.......#
###.............##..)......(.....
#..g..........##>.#####..###..#
#.l......g..g..................
##†###......#g...........###...
####.##########g###.#......###...
...(............s................
................................†
####..:.........###.#.##.........
.# ##.#########.###........###...
.####......................# #..#
....#...........####.......# #..#
......#########.# #.......###...
....#.# #.# #.......#...†.
#####.# #.# #.......#.#..#


You could see 3 gnolls.

Vanquished Creatures
  A gnoll (D:1)
  3 adders (D:2)
  2 dart slugs
  4 ball pythons (D:1)
  4 endoplasms
  4 giant cockroaches
  2 goblins (D:2)
  2 hobgoblins (D:1)
  5 jackals (D:2)
  2 quokkas (D:2)
  6 bats
  2 frilled lizards (D:1)
  5 kobolds
  6 rats
48 creatures vanquished.

Notes
Turn   | Place    | Note
-------+----------+-------------------------------------------
     0 | D:1      | greenreed the Djinni Transmuter began the quest for the
                  | Orb.
     0 | D:1      | greenreed set off with the following spells memorised:
                  | Beastly Appendage, Wereblood, Spider Form, Ice Form.
     0 | D:1      | Reached XP level 1. HP: 17/17 MP: 0/0
   124 | D:1      | Reached XP level 2. HP: 22/22 MP: 0/0
   385 | D:1      | Found Lolypta's Antique Armour Emporium.
   446 | D:1      | Reached XP level 3. HP: 20/27 MP: 0/0
   446 | D:1      | Learned a level 1 spell: Necrotise
   794 | D:2      | Found a faded altar of an unknown god.
  1020 | D:2      | Reached XP level 4. HP: 6/32 MP: 0/0
  1576 | D:1      | Reached skill level 4 in Unarmed Combat
  1619 | D:2      | Mangled by a gnoll

Illustrated notes

Levels and vault maps discovered:
D:1:      saegor_arrival_simple_d, layout_rooms, serial_shops,
          nicolae_square_shop, minivault_4
D:2:      layout_basic, ebering_ecumenical_altar_hall

Skill      XL: |  1  2  3  4 |
---------------+-------------+-----
Spellcasting   | 2 |  2.4
Unarmed Combat | 4 |  4.0
Fighting       | |  1.2
Dodging        | |  2.8
Stealth        | |  0.1

Action                   |  1- 3 |  4- 6 || total
-------------------------+-------+-------++-------
Melee: Unarmed           |   100 |    56 ||   156
       Headbutt          |    15 |    12 ||    27
       Punch             |     2 |       ||     2
 Cast: Beastly Appendage |    24 |     9 ||    33
       Spider Form       |       |     2 ||     2
 Stab: Sleeping          |     1 |       ||     1
Armor: Robe              |    20 |     8 ||    28
Dodge: Dodged            |    71 |    54 ||   125

Table legend: (Time is in decaauts)
 A = Elapsed time spent in this place.
 B = Non-inter-level travel time spent in this place.
 C = Inter-level travel time spent in this place.
 D = Time resting spent in this place.
 E = Time spent auto-exploring this place.
 F = Levels seen in this place.
 G = Mean time per level.
                   A        B        C        D        E       F      G
               +--------+--------+--------+--------+--------+-----+--------+
         Total |   1611 |   1539 |     72 |     36 |   1119 |   2 |  805.5 |
       Dungeon |   1611 |   1539 |     72 |     36 |   1119 |   2 |  805.5 |
               +--------+--------+--------+--------+--------+-----+--------+

Top non-repeatable levels by time:
     D:2: 961 daAuts
     D:1: 649 daAuts
